 Dungeon Crawl Stone Soup version 0.20.1-1-g8b1a95d (webtiles) character file.

46 Blomdor the Conjurer (level 3, 0/29 HPs)
             Began as a Barachi Conjurer on Sept 18, 2017.
             Slain by a gnoll (7 damage)
             ... on level 2 of the Dungeon.
             The game lasted 00:04:55 (1704 turns).

Blomdor the Conjurer (Barachi Conjurer)             Turns: 1704, Time: 00:04:56

Health: 0/29       AC:  2    Str: 10    XL:     3   Next: 68%
Magic:  1/6        EV: 12    Int: 15    God:
Gold:   80         SH:  0    Dex: 12    Spells: 5/6 levels left

rFire    . . .     SeeInvis .   e - +0 short sword
rCold    . . .     Gourm    .   (no shield)
rNeg     . . .     Faith    .   a - +0 robe
rPois    .         Spirit   .   (no helmet)
rElec    .         Reflect  .   (no cloak)
rCorr    .         Harm     .   (no gloves)
MR       .....                  (no boots)
Stlth    ++........             (no amulet)
Regen    0.1/turn               (no ring)
MPRegen  0.1/turn               (no ring)

@: slow
A: +LOS, swims, slowness 1, strong legs 1
a: Hop


You were on level 2 of the Dungeon.
You were not hungry.

You visited 1 branch of the dungeon, and saw 3 of its levels.

You collected 80 gold pieces.

Inventory:

Hand Weapons
 e - a +0 short sword (weapon)
Armour
 a - a +0 robe (worn)
 d - a +0 shield
 k - a +0 scale mail
Potions
 h - a potion of lignification
Books
 b - a book of Conjurations

   Spells                             Type                      Level
   a - Magic Dart                     Conjuration                  1
   b - Searing Ray                    Conjuration                  2
   c - Dazzling Spray                 Conjuration/Hexes            3
   d - Fulminant Prism                Conjuration/Hexes            4
   e - Force Lance                    Conjuration/Translocation    4
   f - Iskenderun's Mystic Blast      Conjuration                  4
Comestibles
 c - 2 bread rations
 f - 2 royal jellies
 g - a meat ration


   Skills:
 + Level 3.4 Fighting
 + Level 0.5 Armour
 - Level 2.1 Dodging
 - Level 1.7 Stealth
 + Level 0.9 Shields
 - Level 2.1 Spellcasting
 - Level 4.3 Conjurations


You had 5 spell levels left.
You knew the following spells:

 Your Spells              Type           Power        Failure   Level  Hunger
a - Magic Dart            Conj           ##..         3%          1    #......


Dungeon Overview and Level Annotations

Branches:
Dungeon (3/15)

Altars:


Innate Abilities, Weirdness & Mutations

Shadows flee at your approach. (+LOS)
You can swim through water.
You cover ground slowly.
You can hop short distances.


Message History

Aim: a gnoll, wielding a hunting sling (heavily wounded)
The magic dart hits the gnoll.
The gnoll is severely wounded.
The gnoll shoots a sling bullet.
The sling bullet hits you!
Casting: Magic Dart
Confirm with . or Enter, or press ? or * to list all spells.
You don't have enough magic to cast that spell.
Unknown command.
The gnoll shoots a sling bullet.
The sling bullet closely misses you.
You see here a sling bullet.
The gnoll shoots a sling bullet.
The sling bullet hits you!
* * * LOW HITPOINT WARNING * * *
The gnoll shoots a sling bullet.
The sling bullet misses you.
The gnoll unwields an uncursed hunting sling.
The gnoll hits you.
* * * LOW HITPOINT WARNING * * *
You barely miss the gnoll.
The gnoll is severely wounded.
The gnoll hits you!
You die...

#.#####.# ##...#
####.#####.####.###.
#...........)..<# #.
#.##.#####.####.###.
####.##.#####.# ##...#
#.............# ##.##
#.##.##.####### #.#
#.##.##g# #.# #.##..@.#
#.# #.####..########
##.##
#.####..##.....####...#
#..[..(.##.....##.....#
######(###.....##......
#..(........##......
#.#.##......##......
###.#.##.##.####.#...#
#.....##.##.# #....)#


You could see a gnoll.

Vanquished Creatures
  A gnoll (D:2)
  An adder (D:2)
  2 dart slugs (D:1)
  A leopard gecko (D:1)
  A giant cockroach (D:1)
  2 goblins (D:1)
  2 hobgoblins (D:1)
  A quokka (D:2)
  3 bats
  2 frilled lizards
  6 kobolds
  2 rats
24 creatures vanquished.

Notes
Turn   | Place    | Note
-------+----------+-------------------------------------------
     0 | D:1      | Blomdor the Barachi Conjurer began the quest for the Orb.
     0 | D:1      | Reached XP level 1. HP: 13/13 MP: 3/3
    32 | D:1      | Reached skill level 1 in Fighting
   132 | D:1      | Reached XP level 2. HP: 19/22 MP: 0/5
   835 | D:2      | Reached XP level 3. HP: 15/29 MP: 1/6
  1704 | D:2      | Slain by a gnoll

Skill      XL: |  1  2 |
---------------+-------+-----
Fighting       | 2 3 |  3.4
Armour         | |  0.5
Dodging        | |  2.1
Stealth        | |  1.7
Shields        | |  0.9
Spellcasting   | |  2.1
Conjurations   | |  4.3

Action                   || total
-------------------------++-------
Melee: Unarmed           ||    51
       Short sword       ||     2
 Cast: Magic Dart        ||    56
  Use: Scroll            ||     2
       Potion            ||     2
 Stab: Distracted        ||     1
  Eat: Chunk             ||     4
Armor: Robe              ||     7
       Skin              ||     3
Dodge: Dodged            ||    51
